 Dungeon Crawl Stone Soup version 0.18-a0-1805-g8ab820f (webtiles) character file.

2811 st0uf the Protected (level 9, -6/79 HPs)
             Began as a Minotaur Fighter on Apr 26, 2016.
             Was a Priest of Qazlal.
             Killed from afar by a manticore (11 damage)
             ... with a volley of spikes
             ... on level 8 of the Dungeon.
             The game lasted 00:28:15 (5822 turns).

st0uf the Protected (Minotaur Fighter)              Turns: 5822, Time: 00:28:16

Health: -6/79      AC:  9    Str: 20    XL:     9   Next: 44%
Magic:  8/8        EV: 12    Int:  5    God:    Qazlal [***...]
Gold:   276        SH: 15    Dex: 14    Spells: 0 memorised, 8 levels left

rFire  + + .     SeeInvis .     F - +3 long sword
rCold  . . .     Gourm    .     I - +1 ring mail {rF+}
rNeg   + . .     Faith    .     c - +0 shield
rPois  .         Spirit   .     (helmet restricted)
rElec  .         Dismiss  .     t - +0 cloak
rCorr  .         Reflect  .     (no gloves)
SustAt .         Harm     +     (no boots)
MR     .....                    i - amulet of harm
Stlth  +.........               C - ring of protection from fire
                                r - ring of positive energy

@: manticore barbs, not resistant to hostile enchantments, very unstealthy
A: retaliatory headbutt, horns 2
a: Upheaval, Elemental Force, Renounce Religion


You were on level 8 of the Dungeon.
You worshipped Qazlal.
Qazlal was most pleased with you.
You were not hungry.

You visited 1 branch of the dungeon, and saw 8 of its levels.

You collected 276 gold pieces.

Inventory:

Hand Weapons
 F - a +3 long sword (weapon)
Armour
 c - a +0 shield (worn)
 t - a +0 cloak (worn)
 I - a +1 ring mail of fire resistance (worn)
Magical Staves
 E - an uncursed staff of energy {unknown}
Rods
 H - a +1 rod of shadows (13/13)
   (You found it on level 6 of the Dungeon)
Jewellery
 i - an amulet of harm (around neck)
 m - an uncursed ring of magical power
 r - a ring of positive energy (left hand)
 C - a ring of protection from fire (right hand)
Wands
 G - a wand of flame (19/48)
 J - a wand of paralysis (2/24)
Scrolls
 e - 6 scrolls of identify
 g - a scroll of recharging {unknown}
 h - 2 scrolls of magic mapping {unknown}
 j - 3 scrolls of amnesia {unknown}
 k - a scroll of fog {unknown}
 l - 2 scrolls of teleportation {unknown}
 o - a scroll of enchant armour {unknown}
 q - 2 scrolls of immolation {unknown}
 v - 2 scrolls of blinking {unknown}
 y - 4 scrolls of remove curse
 A - 2 scrolls of noise {unknown}
 B - 3 scrolls of random uselessness {unknown}
Potions
 a - a potion of agility {unknown}
 d - 4 potions of might
 p - a potion of curing {unknown}
 u - a potion of brilliance {unknown}
 z - 2 potions of magic {unknown}
 D - a potion of ambrosia {unknown}
Comestibles
 b - a chunk of flesh
 f - 4 bread rations
 n - a meat ration
 s - 2 slices of pizza
 x - 8 fruits


   Skills:
 + Level 7.0 Fighting
 + Level 7.9 Long Blades
 + Level 8.4 Armour
 + Level 5.7 Dodging
 + Level 8.1 Shields


You had 8 spell levels left.
You didn't know any spells.

Dungeon Overview and Level Annotations

Branches:
Dungeon (8/15)             Temple (0/1) D:7
   Lair: D:8-11

Altars:
Ashenzari
Dithmenos
Elyvilon
Makhleb
Nemelex Xobeh
Okawaru
Qazlal
Sif Muna
Trog
Vehumet
Xom
Yredelemnul
The Shining One

Shops:
D:6 }

Annotations:
D:3 1 runed door, exclusion: door


Innate Abilities, Weirdness & Mutations

You reflexively headbutt those who attack you in melee.
You have a pair of horns on your head.


Message History

The manticore flicks its tail.
The volley of spikes hits you!
The barbed spikes become lodged in your body.
* * * LOW HITPOINT WARNING * * *
Drink which item? (? for menu, Esc to quit)
You feel much better.
The barbs in your skin will harm you if you move.
Continue?
The barbed spikes dig painfully into your body as you move.
The manticore flicks its tail.
The volley of spikes hits you!
The barbed spikes become lodged in your body.
* * * LOW HITPOINT WARNING * * *
The manticore flicks its tail.
The volley of spikes hits you!
The barbed spikes become lodged in your body.
* * * LOW HITPOINT WARNING * * *
The manticore flicks its tail.
The volley of spikes hits you!
The barbed spikes become lodged in your body.
You die...

##########
########........####
#..@.....######.....
#..H.####### ###.##.
#..### ###...# #.
##...### #..♣♣♣ ♣..♣
♣♣.♣ ♣♣.♣♣ ♣♣P.♣


You could see a manticore.

Vanquished Creatures
  A hog (D:7)
  2 yaks (D:8)
  2 hippogriffs
  3 black bears
  A sky beast (D:5)
  2 ogres
  2 centaurs
  A giant frog (D:7)
  A gnoll sergeant (D:5)
  2 scorpions
  3 wights (D:7)
  3 crimson imps
  2 giant frog zombies
  A hound (D:5)
  A centaur zombie (D:5)
  A giant frog skeleton (D:8)
  5 orc priests
  A centaur skeleton (D:7)
  An iguana (D:7)
  4 orc wizards
  5 worker ants
  6 sheep
  2 hound zombies (D:5)
  8 gnolls
  6 adders
  3 shadow imps
  An ooze (D:2)
  An adder zombie (D:5)
  2 worms (D:3)
  2 dart slugs
  4 giant geckos
  14 orcs
  3 giant cockroaches
  4 goblins
  6 hobgoblins
  14 jackals
  4 quokkas
  A ball python (D:3)
  6 bats
  4 giant newts
  A jackal skeleton (D:5)
  6 kobolds (D:3)
  8 rats
  6 plants (D:8)
156 creatures vanquished.

Vanquished Creatures (others)
  4 plants (D:8)
  5 toadstools (D:1)
9 creatures vanquished.

Grand Total: 165 creatures vanquished

Notes
Turn   | Place    | Note
--------------------------------------------------------------
     0 | D:1      | st0uf the Minotaur Fighter began the quest for the Orb.
     0 | D:1      | Reached XP level 1. HP: 19/19 MP: 0/0
   212 | D:1      | Reached XP level 2. HP: 24/27 MP: 1/1
   625 | D:2      | Reached XP level 3. HP: 27/33 MP: 2/2
   840 | D:2      | Found a stormy altar of Qazlal.
   840 | D:2      | Found a sparkling altar of Nemelex Xobeh.
   841 | D:2      | Found a shadowy altar of Dithmenos.
   846 | D:2      | Became a worshipper of Qazlal Stormbringer
  1072 | D:2      | Reached XP level 4. HP: 41/41 MP: 3/3
  1145 | D:3      | Found a bloodstained altar of Trog.
  1151 | D:3      | Reached skill level 1 in Dodging
  1179 | D:3      | Found a shimmering altar of Xom.
  1208 | D:3      | Found a white marble altar of Elyvilon.
  1208 | D:3      | Noticed an angel
  1209 | D:3      | Found a runed door.
  1347 | D:3      | Reached * piety under Qazlal
  1386 | D:3      | Found a shattered altar of Ashenzari.
  1737 | D:4      | Found a deep blue altar of Sif Muna.
  1817 | D:4      | Reached XP level 5. HP: 41/47 MP: 4/4
  2219 | D:5      | Entered Level 5 of the Dungeon
  2238 | D:5      | Found an iron altar of Okawaru.
  2263 | D:5      | Noticed a sky beast
  2277 | D:5      | Killed a sky beast
  2277 | D:5      | Reached skill level 5 in Armour
  2277 | D:5      | Reached XP level 6. HP: 33/53 MP: 5/5
  2290 | D:5      | Found a burning altar of Makhleb.
  2290 | D:5      | Found a radiant altar of Vehumet.
  2457 | D:5      | Reached skill level 5 in Shields
  2551 | D:5      | Reached skill level 5 in Fighting
  2582 | D:5      | Reached XP level 7. HP: 51/61 MP: 6/6
  2678 | D:5      | Reached skill level 5 in Long Blades
  2683 | D:5      | Reached ** piety under Qazlal
  3520 | D:6      | Found Lopury's Gadget Shop.
  3625 | D:6      | Identified a +1 rod of shadows (13/13) (You found it on level 6 of the Dungeon)
  3949 | D:7      | Reached XP level 8. HP: 57/69 MP: 7/7
  4334 | D:7      | Found a staircase to the Ecumenical Temple.
  4569 | D:7      | Found a white marble altar of Elyvilon.
  4572 | D:7      | Found a basalt altar of Yredelemnul.
  4575 | D:7      | Found a glowing golden altar of the Shining One.
  5083 | D:8      | Reached *** piety under Qazlal
  5126 | D:8      | Reached XP level 9. HP: 26/78 MP: 8/8
  5132 | D:8      | Reached skill level 5 in Dodging
  5814 | D:8      | Noticed a manticore
  5822 | D:8      | Killed from afar by a manticore

Vault maps used:
D:1:      ldierk_walled_garden
D:2:      gammafunk_temple_overflow_forgotten
D:3:      xom_teletrap_fun, lemuel_crystal_altar, lemuel_doored_altar,
          lemuel_angel_altar
D:4:      nicolae_overflow_crystal_walls
D:5:      grunt_temple_overflow_lords_of_destruction, okawaru_trees_2,
          first_bread
D:6:      serial_shops, kennysheep_mini_moat
D:7:      grunt_temple_overflow_diamond, minmay_temple_entry_statues_pillars
D:8:      kennysheep_town

Skill      XL: |  1  2  3  4  5  6  7  8  9 |
---------------+----------------------------+-----
Fighting       | 4 5 6 7 |  7.0
Armour         | 4 5 6 8 |  8.4
Shields        | 4 5 6 7 8 |  8.1
Dodging        | 1 2 3 4 5 |  5.7
Long Blades    | 3 4 5 7 |  7.9

Action                   |  1- 3 |  4- 6 |  7- 9 || total
-------------------------+-------+-------+-------++-------
Melee: Long sword        |    73 |   141 |   255 ||   469
       Headbutt          |    12 |    32 |    58 ||   102
  Use: Scroll            |       |       |     2 ||     2
       Potion            |       |       |     2 ||     2
  Eat: Chunk             |     1 |     3 |    12 ||    16
Armor: Scale mail        |    24 |    54 |    23 ||   101
       Ring mail         |       |       |    33 ||    33
Dodge: Dodged            |    23 |    39 |    56 ||   118
Block: Shield            |    29 |    70 |   151 ||   250
